 Dungeon Crawl Stone Soup version 0.17.1-3-g152610e (webtiles) character file.

254 senseless the Insei (level 5, -7/47 HPs)
             Began as a Draconian Monk on Apr 20, 2016.
             Mangled by a water moccasin (9 damage)
             ... in a sewer.
             The game lasted 00:09:37 (2732 turns).

senseless the Insei (Draconian Monk)                Turns: 2732, Time: 00:09:37

Health: -7/47      AC:  5    Str: 14    XL:     5   Next: 91%
Magic:  5/5        EV: 14    Int: 12    God:
Gold:   79         SH:  0    Dex: 14    Spells: 0 memorised, 4 levels left

rFire  . . .     SeeInvis .       - Unarmed
rCold  . . .     Clarity  .     (armour unavailable)
rNeg   . . .     SustAt   .     (no shield)
rPois  .         Gourm    .     (helmet restricted)
rElec  .         Spirit   .     (no cloak)
rCorr  .         Warding  .     (no gloves)
rMut   .         Stasis   .     (no boots)
MR     .....                    (no amulet)
Stlth  +.........               i - +2 ring of intelligence
                                h - ring of loudness (curse)

@: lethally poisoned (-7 -> -14), not resistant to hostile enchantments, very
unstealthy
A: unfitting armour, cold-blooded, AC +5
a: no special abilities


You were in a sewer.
You were not hungry.

You visited 1 branch of the dungeon, and saw 3 of its levels.
You also visited: Sewer.

You collected 79 gold pieces.

Inventory:

Missiles
 l - a silver tomahawk (quivered)
Jewellery
 h - a cursed ring of loudness (left hand)
 i - a +2 ring of intelligence (right hand)
Wands
 p - a wand of polymorph (0)
Scrolls
 c - 2 scrolls of recharging
 g - 2 scrolls of identify
 r - a scroll of teleportation {unknown}
Potions
 d - a potion of magic
 f - a potion of brilliance {unknown}
 j - a potion of cancellation {unknown}
 k - 2 potions of agility {unknown}
 n - a potion of ambrosia {unknown}
 o - 2 potions of poison {unknown}
 q - a potion of degeneration {unknown}
Comestibles
 a - 3 bread rations
 b - 2 meat rations
 m - 6 fruits
 s - 3 chunks of flesh


   Skills:
 + Level 4.4 Fighting
 + Level 0.1 Throwing
 + Level 4.5 Dodging
 + Level 2.1 Stealth
 + Level 5.0 Unarmed Combat


You had 4 spell levels left.
You didn't know any spells.

Dungeon Overview and Level Annotations

Branches:
Dungeon (3/15)

Altars:


Innate Abilities, Weirdness & Mutations

Your plain brown scales are hard (AC +5).
Your body does not fit into most forms of armour.
You are cold-blooded and may be slowed by cold attacks.


Message History

The giant frog hits you.
* * * LOW HITPOINT WARNING * * *
The ooze hits you.
* * * LOW HITPOINT WARNING * * *
Zapping:
p - a wand of polymorph {zapped: 10} (will waste charges)
Press: ? - help, Shift-Dir - straight line, f/p - giant frog
Aim: a giant frog (severely wounded, chance to defeat MR: 46%)
The giant frog evaporates and reforms as a water moccasin!
Evoking this partially-identified wand wasted a few charges.
The water moccasin misses you. The ooze misses you.
You enter the shallow water.
Moving in this stuff is going to be slow.
The water moccasin barely misses you. The water moccasin bites you.
* * * LOW HITPOINT WARNING * * *
You are lethally poisoned!
The water moccasin poisons you! The ooze barely misses you.
Your unstable footing causes you to fumble your attack.
* * * LOW HITPOINT WARNING * * *
You feel sick. The water moccasin bites you!
You die...

#≈≈#≈###≈≈# #≈†##÷≈#
#≈≈#≈#≈≈≈##≈≈≈≈≈≈≈##.≈#≈≈#
#≈≈#≈#∩≈≈#≈≈.≈.≈.≈≈#≈≈#..#
#≈≈#≈#≈≈≈#≈≈≈≈≈.≈≈≈#≈≈#.≈#
#≈≈#.##≈≈#.≈≈≈..≈≈≈#≈≈#††#
#≈.#≈≈#≈≈#.≈≈≈?$.≈≈#≈†#≈≈#
#≈≈#..#≈.#≈≈≈$().≈≈#≈.#≈≈#
#≈≈≈≈≈#.†##J.≈..≈≈##≈≈#≈≈#
#.≈≈.≈#.†≈@S≈≈.≈.≈#≈≈##≈≈#
#≈.≈≈≈###≈.≈≈≈≈.≈##≈≈#.≈≈#
#######≈###≈≈≈≈≈##≈≈≈#†≈##
#≈≈≈≈≈#######≈≈.##†≈#
#≈≈≈≈≈≈≈≈≈≈.≈≈≈.#≈≈≈#
##≈≈##≈≈≈≈≈≈≈..##≈≈##
##≈†##≈≈≈≈≈≈≈##≈≈≈#
#≈≈.###≈≈.###≈.≈≈#
#≈≈≈≈≈#####.≈≈≈≈##


You could see a water moccasin and an ooze.

Vanquished Creatures
  Ijyb (D:3)
  Jessica (D:3)
  7 adders
  7 oozes (Sewer)
  3 worms (D:2)
  14 giant geckos
  An orc (D:3)
  9 ball pythons
  9 giant cockroaches
  8 hobgoblins
  A quokka (D:2)
  4 bats
  12 giant newts
  6 goblins
  4 kobolds (D:2)
  5 rats
92 creatures vanquished.

Notes
Turn   | Place    | Note
--------------------------------------------------------------
     0 | D:1      | senseless the Draconian Monk began the quest for the Orb.
     0 | D:1      | Reached XP level 1. HP: 19/19 MP: 1/1
   234 | D:1      | Reached XP level 2. HP: 23/26 MP: 2/2
   468 | D:2      | Reached XP level 3. HP: 20/31 MP: 3/3
  1295 | D:3      | Noticed Jessica
  1423 | D:3      | Reached XP level 4. HP: 13/40 MP: 4/4
  1580 | D:3      | Noticed Ijyb
  1599 | D:3      | Killed Ijyb
  1766 | D:3      | Found a glowing drain.
  1788 | D:3      | Killed Jessica
  1788 | D:3      | Reached XP level 5. HP: 18/46 MP: 5/5
  1911 | Sewer    | Entered a sewer
  2600 | Sewer    | Reached skill level 5 in Unarmed Combat
  2730 | Sewer    | Noticed a water moccasin
  2730 | Sewer    | a giant frog changed into a water moccasin
  2731 | Sewer    | HP: 2/47 [water moccasin (2)]
  2732 | Sewer    | Mangled by a water moccasin

Action                   |  1- 3 |  4- 6 || total
-------------------------+-------+-------++-------
Melee: Unarmed           |   157 |   237 ||   394
Throw: Tomahawk          |     2 |       ||     2
Evoke: Wand              |       |     2 ||     2
  Use: Scroll            |     4 |       ||     4
       Potion            |       |     2 ||     2
 Stab: Sleeping          |     1 |       ||     1
  Eat: Chunk             |     1 |     4 ||     5
       Beef jerky        |       |     1 ||     1
